 Dungeon Crawl Stone Soup version 0.19.1 (webtiles) character file.

940 spooks32 the Skirmisher (level 7, -9/59 HPs)
             Began as a Mummy Conjurer on Dec 23, 2016.
             Was an Initiate of Kikubaaqudgha.
             Killed from afar by a big kobold (13 damage)
             ... with a wand of flame
             ... on level 8 of the Dungeon.
             The game lasted 00:43:37 (7494 turns).

spooks32 the Skirmisher (Mummy Conjurer)            Turns: 7494, Time: 00:43:38

Health: -9/59      AC:  5    Str: 15    XL:     7   Next: 88%
Magic:  8/13       EV: 12    Int: 15    God:    Kikubaaqudgha [......]
Gold:   217        SH:  0    Dex: 14    Spells: 4 memorised, 4 levels left

rFire  x . .     SeeInvis .     d - +0 long sword
rCold  + . .     Gourm    .     e - +1 leather armour {rPois}
rNeg   + + +     Faith    .     (no shield)
rPois  ∞         Spirit   .     (no helmet)
rElec  .         Reflect  .     (no cloak)
rCorr  .         Harm     .     (no gloves)
MR     .....                    f - +0 pair of boots
Stlth  ++........               (no amulet)
                                (no ring)
                                i - +4 ring of strength

@: about to teleport
A: no food or potions, fire vulnerability, cold resistance 1, negative energy
resistance 3, torment resistance, unbreathing
a: Renounce Religion


You were on level 8 of the Dungeon.
You worshipped Kikubaaqudgha.
Kikubaaqudgha was noncommittal.
You were not hungry.

You visited 1 branch of the dungeon, and saw 8 of its levels.

You collected 217 gold pieces.

Inventory:

Hand Weapons
 d - a +0 long sword (weapon)
Armour
 e - a +1 leather armour of poison resistance (worn)
 f - a +0 pair of boots (worn)
 g - the +8 chain mail of Xuzafa {*Drain +Fly Str+3}
   (You found it on level 5 of the Dungeon)

   It affects your strength (+3).
   It lets you fly.
   It causes draining when unequipped.
Jewellery
 i - a +4 ring of strength (left hand)
Wands
 a - a wand of digging (18/24)
 m - a wand of flame (32/48)
 n - a wand of teleportation (2/9)
 o - a wand of digging (9/24)
Scrolls
 c - a scroll of amnesia
 h - a scroll of fog {unknown}
 j - 6 scrolls of remove curse
 p - a scroll of teleportation
Books
 b - a book of Conjurations

   Spells                             Type                      Level
   a - Magic Dart                     Conjuration                  1
   b - Searing Ray                    Conjuration                  2
   c - Dazzling Spray                 Conjuration/Hexes            3
   d - Fulminant Prism                Conjuration/Hexes            4
   e - Iskenderun's Mystic Blast      Conjuration                  4
   f - Iskenderun's Battlesphere      Conjuration/Charms           5


   Skills:
 * Level 6.6 Fighting
 - Level 1.5 Dodging
 - Level 1.5 Stealth
 - Level 4.0 Spellcasting
 * Level 5.0 Conjurations


You had 4 spell levels left.
You knew the following spells:

 Your Spells              Type           Power        Failure   Level  Hunger
a - Magic Dart            Conj           ###.         2%          1    N/A
b - Searing Ray           Conj           ###...       4%          2    N/A
c - Dazzling Spray        Conj/Hex       ##....       24%         3    N/A
d - Iskenderun's Mystic   Conj           ###.....     28%         4    N/A

Dungeon Overview and Level Annotations

Branches:
Dungeon (8/15)             Temple (0/1) D:6            Lair (0/6) D:8

Altars:
Gozag
Kikubaaqudgha
Uskayaw
Yredelemnul

Shops:
D:2 *

Annotations:
D:2 Sigmund
D:4 Pikel
D:5 Edmund


Innate Abilities, Weirdness & Mutations

You do not eat or drink.
Your flesh is vulnerable to fire.
You are immune to poison.
Your flesh is cold resistant. (rC+)
You are immune to negative energy. (rN+++)
You are immune to unholy pain and torment.
You can survive without breathing.


Message History

Press: ? - help, Shift-Dir - straight line, f/p - big kobold
Aim: a big kobold, wielding a short sword and carrying a wand of flame {zapped: 4} (lightly wounded)
The puff of flame hits the big kobold.
The big kobold is moderately wounded.
This wand has 32 charges left.
Casting: Searing Ray
Confirm with . or Enter, or press ? or * to list all spells.
Aiming: Magic Dart
Press: ? - help, Shift-Dir - straight line, f/p - big kobold
Aim: a big kobold, wielding a short sword and carrying a wand of flame {zapped: 4} (moderately wounded)
The magic dart hits the big kobold.
The big kobold is moderately wounded.
The big kobold zaps a wand.
The puff of flame hits you! The fire burns you terribly!
* * * LOW HITPOINT WARNING * * *
As you read the scroll of teleportation, it crumbles to dust.
You feel strangely unstable.
The big kobold zaps a wand.
The puff of flame hits you! The fire burns you terribly!
You die...
Kikubaaqudgha rasps: "You have failed me!
Welcome... oblivion!"

###...##..# ..#
......##..# #<#
.....<##..####.###+####
..#...##..............#
###...##..............#
#>...................#
#....##.....%........#
#....####..P.%..%.%..#
#..........%...@.%P..#
###..##..............#
#..##..#.#.#'K#.#.##
+..##..#####..#####
#..##.. .... +....
#....# ######


You could see a big kobold.

Vanquished Creatures
  3 ice beasts
  A necrophage (D:6)
  A bullfrog (D:5)
  2 scorpions (D:4)
  2 crimson imps (D:5)
  A jelly (D:5)
  A centaur skeleton (D:3)
  An orc wizard (D:5)
  A worker ant (D:7)
  A hound skeleton (D:5)
  A worker ant zombie (D:6)
  9 adders
  An ooze (D:1)
  An adder zombie (D:5)
  3 worms
  A dart slug (D:4)
  3 leopard geckos
  9 orcs
  8 bats
  5 giant cockroaches
  9 goblins
  5 hobgoblins
  8 jackals
  7 kobolds
  5 quokkas
  5 frilled lizards
  A quokka zombie (D:5)
  15 rats
110 creatures vanquished.

Notes
Turn   | Place    | Note
-------+----------+-------------------------------------------
     0 | D:1      | spooks32 the Mummy Conjurer began the quest for the Orb.
     0 | D:1      | Reached XP level 1. HP: 13/13 MP: 3/3
   104 | D:1      | Reached skill level 1 in Fighting
   416 | D:1      | Reached XP level 2. HP: 21/21 MP: 3/5
   420 | D:1      | Learned a level 2 spell: Searing Ray
   928 | D:1      | Reached XP level 3. HP: 22/27 MP: 6/6
   933 | D:1      | Learned a level 3 spell: Dazzling Spray
  1515 | D:2      | Reached skill level 2 in Fighting
  1730 | D:2      | Found an opulent altar of Gozag.
  1733 | D:2      | Noticed Sigmund
  2084 | D:2      | Reached skill level 3 in Fighting
  2128 | D:2      | Reached XP level 4. HP: 32/35 MP: 3/8
  2219 | D:2      | Found Gozag's Platinum Reserve.
  3131 | D:3      | Reached skill level 4 in Fighting
  3147 | D:3      | Reached XP level 5. HP: 42/42 MP: 4/9
  4319 | D:4      | Noticed a slave
  4320 | D:4      | Noticed Pikel
  4478 | D:5      | Entered Level 5 of the Dungeon
  4738 | D:4      | Noticed a slave
  4744 | D:4      | Noticed an ogre
  4913 | D:5      | Reached skill level 5 in Fighting
  4913 | D:5      | Reached XP level 6. HP: 43/51 MP: 1/10
  4929 | D:5      | Found a basalt altar of Yredelemnul.
  4929 | D:5      | Found a hide-covered altar of Uskayaw.
  4930 | D:5      | Noticed an ice beast
  4958 | D:5      | Noticed an ice beast
  5036 | D:5      | Killed an ice beast
  5300 | D:5      | Learned a level 4 spell: Iskenderun's Mystic Blast
  5485 | D:5      | Noticed Edmund
  5490 | D:5      | Got a steaming chain mail
  5555 | D:4      | Reached XP level 7. HP: 42/57 MP: 4/13
  5963 | D:6      | Found an ancient bone altar of Kikubaaqudgha.
  5965 | D:6      | Found a staircase to the Ecumenical Temple.
  5973 | D:6      | Became a worshipper of Kikubaaqudgha
  6059 | D:5      | Reached skill level 6 in Fighting
  7086 | D:7      | Reached skill level 5 in Conjurations
  7180 | D:7      | Identified the +8 chain mail of Xuzafa {*Drain +Fly Str+3} (You found it on level 5 of the Dungeon)
  7426 | D:8      | Found a staircase to the Lair.
  7494 | D:8      | Killed from afar by a big kobold

Skill      XL: |  1  2  3  4  5  6  7 |
---------------+----------------------+-----
Fighting       | 1 3 4 5 6 |  6.6
Spellcasting   | 3 4 |  4.0
Conjurations   | 5 |  5.0
Dodging        | |  1.5
Stealth        | |  1.5

Action                   |  1- 3 |  4- 6 |  7- 9 || total
-------------------------+-------+-------+-------++-------
Melee: Whip              |    84 |    72 |       ||   156
       Long sword        |       |    26 |    39 ||    65
 Cast: Magic Dart        |    33 |    44 |    20 ||    97
       Searing Ray       |    10 |    19 |    11 ||    40
Evoke: Wand              |       |     1 |     2 ||     3
  Use: Scroll            |     1 |    11 |     5 ||    17
 Stab: Sleeping          |     6 |       |       ||     6
Armor: Robe              |    25 |     1 |       ||    26
       Leather armour    |       |    43 |    19 ||    62
Dodge: Dodged            |   105 |   104 |    49 ||   258
       Rpst.: Long sword |       |    10 |    16 ||    26
